 Dungeon Crawl Stone Soup version 0.19.4-10-g532645f (webtiles) character file.

282 SoloFelidOnly the Nimble (level 6, -6/28 HPs)
             Began as a Felid Fighter on Feb 22, 2017.
             Mangled by a centaur (8 damage)
             ... on level 5 of the Dungeon.
             The game lasted 00:10:48 (5520 turns).

SoloFelidOnly the Nimble (Felid Fighter)            Turns: 5520, Time: 00:10:48

Health: -6/28      AC:  2    Str: 12    XL:     6   Next: 6%
Magic:  7/7        EV: 25    Int: 10    God:
Gold:   221        SH:  0    Dex: 17    Spells: 0 memorised, 5 levels left
                                        Lives:  0   Deaths: 2

rFire  . . .     SeeInvis +       - Unarmed
rCold  . . .     Gourm    .     (armour unavailable)
rNeg   . . .     Faith    .     (shield unavailable)
rPois  .         Spirit   .     (helmet unavailable)
rElec  .         Reflect  .     (cloak unavailable)
rCorr  +         Harm     .     (gloves unavailable)
MR     .....                    (boots unavailable)
Stlth  ++........               (no amulet)
                                m - ring of wizardry
                                h - ring of resist corrosion

@: quick
A: no armour, no weapons or thrown items, stealth, claws 1, fangs 3, see
invisible, carnivore 3, speed 1, shaggy fur 2, slow metabolism 1, sharp paws
a: no special abilities


You were on level 5 of the Dungeon.
You were full.

You visited 1 branch of the dungeon, and saw 5 of its levels.

You collected 221 gold pieces.

Inventory:

Jewellery
 h - a ring of resist corrosion (left paw)
 m - a ring of wizardry (right paw)
Wands
 e - a wand of lightning (3/15)
 o - a wand of digging (7/24)
Scrolls
 a - a scroll of recharging {unknown}
 c - 3 scrolls of remove curse
 g - a scroll of fog {unknown}
 l - 2 scrolls of amnesia
 n - a scroll of magic mapping
 r - a scroll of enchant weapon {unknown}
 w - 2 scrolls of teleportation
 x - a scroll of identify
Potions
 i - a potion of flight
 j - 2 potions of agility
 k - 4 potions of curing
 p - a potion of invisibility {unknown}
 q - a potion of ambrosia {unknown}
 t - a potion of lignification {unknown}
 v - a potion of might
Books
 u - a book of Necromancy

   Spells                             Type                      Level
   a - Pain                           Necromancy                   1
   b - Animate Skeleton               Necromancy                   1
   c - Vampiric Draining              Necromancy                   3
   d - Regeneration                   Charms/Necromancy            3
   e - Animate Dead                   Necromancy                   4
   f - Control Undead                 Necromancy                   4
Comestibles
 b - 4 meat rations
 d - 2 slices of pizza
 f - a beef jerky
 s - a royal jelly


   Skills:
 - Level 3.0 Fighting
 * Level 9.8 Dodging
 + Level 6.2 Unarmed Combat


You had 5 spell levels left.
You didn't know any spells.

Dungeon Overview and Level Annotations

Branches:
Dungeon (5/15)
 Temple: D:4-7

Altars:
Ashenzari
Ru
Yredelemnul

Annotations:
D:4 2 exclusions, vilekko's ghost, novice MiFi
D:5 harcile's ghost, novice HuFE


Innate Abilities, Weirdness & Mutations

You cannot wear armour.
You are incapable of wielding weapons or throwing items.
Your paws allow you to move quietly. (Stealth)
You have sharp claws.
You have razor-sharp teeth.
You have supernaturally acute eyesight. (SInv)
You are carnivorous and can eat meat at any time.
You cover ground quickly.
You are covered in thick fur. (AC +2)
You have a slow metabolism.
Your sharp claws are effective at attacking unaware monsters.


Message History

The centaur is moderately wounded.
The centaur misses you.
You scratch the centaur.
The centaur is heavily wounded.
The centaur completely misses you.
You barely miss the centaur. You bite the centaur, but do no damage.
The centaur is heavily wounded.
The centaur completely misses you. The centaur hits you.
* * * LOW HITPOINT WARNING * * *
You scratch the centaur but do no damage.
You claw the centaur.
The centaur is heavily wounded.
The centaur closely misses you.
You scratch the centaur.
The centaur is almost dead.
The centaur closely misses you.
You barely miss the centaur.
The centaur is severely wounded.
The centaur completely misses you. The centaur hits you!
You die...

..# #.# #.# #.# #.#
####### #.###.......#
#####c#.........##
####...@(...........#
#
.....(...........>...#
..
#########............#
## ##...........#
##.....†....#
##.........#
##........# ##.......#
##......#


You could see a centaur.

Vanquished Creatures
  2 phantoms (D:4)
  An ogre (D:5)
  A scorpion (D:4)
  A hound (D:4)
  4 orc wizards (D:4)
  An iguana (D:4)
  3 worker ants
  3 gnolls (D:5)
  8 adders
  An ooze (D:3)
  An adder skeleton (D:4)
  A dart slug (D:3)
  5 worms
  3 leopard geckos
  12 orcs
  A ball python (D:2)
  6 giant cockroaches
  7 goblins
  6 hobgoblins
  4 jackals
  5 kobolds
  3 bats
  2 frilled lizards
  8 rats
89 creatures vanquished.

Notes
Turn   | Place    | Note
-------+----------+-------------------------------------------
     0 | D:1      | SoloFelidOnly the Felid Fighter began the quest for the Orb.
     0 | D:1      | Reached XP level 1. HP: 10/10 MP: 2/2
   223 | D:1      | Reached XP level 2. HP: 10/14 MP: 3/3
   801 | D:2      | Reached skill level 5 in Dodging
   801 | D:2      | Reached XP level 3. HP: 6/17 MP: 4/4
  1870 | D:2      | Reached XP level 4. HP: 21/21 MP: 5/5
  2140 | D:3      | Found a shattered altar of Ashenzari.
  2386 | D:3      | Reached skill level 6 in Dodging
  3010 | D:3      | Found a sacrificial altar of Ru.
  3169 | D:4      | Reached skill level 5 in Unarmed Combat
  3169 | D:4      | Reached XP level 5. HP: 10/24 MP: 6/6
  3213 | D:4      | Noticed a phantom
  3356 | D:4      | Killed a phantom
  3356 | D:4      | Reached skill level 7 in Dodging
  3373 | D:4      | Gained mutation: You are covered in thick fur. (AC +2) [Felid growth]
  3373 | D:4      | Reached XP level 6. HP: 28/28 MP: 7/7
  3486 | D:4      | Found a basalt altar of Yredelemnul.
  3486 | D:4      | Found a shattered altar of Ashenzari.
  3588 | D:4      | Reached skill level 8 in Dodging
  4102 | D:4      | Reached XP level 7. HP: 28/31 MP: 8/8
  4143 | D:4      | Reached skill level 9 in Dodging
  4332 | D:4      | Noticed vilekko's ghost (novice MiFi)
  4433 | D:5      | Entered Level 5 of the Dungeon
  4512 | D:5      | Noticed harcile's ghost (novice HuFE)
  4805 | D:5      | Killed from afar by harcile's ghost
  4806 | D:5      | Reached XP level 6. HP: -2/28 MP: 7/7
  4843 | D:5      | Killed from afar by harcile's ghost
  4844 | D:5      | Reached XP level 5. HP: -10/24 MP: 6/6
  4963 | D:5      | Noticed an ogre
  4974 | D:5      | Killed an ogre
  5030 | D:5      | Reached XP level 6. HP: 5/28 MP: 7/7
  5520 | D:5      | Mangled by a centaur

Skill      XL: |  1  2  3  4  5  6  7 |
---------------+----------------------+-----
Dodging        | 5 6 7 8 9 |  9.8
Unarmed Combat | 5 6 |  6.2
Fighting       | |  3.0

Action                   |  1- 3 |  4- 6 |  7- 9 || total
-------------------------+-------+-------+-------++-------
Melee: Unarmed           |   106 |   171 |    71 ||   348
       Bite              |     8 |    18 |     4 ||    30
       Punch             |     1 |     6 |     3 ||    10
Evoke: Wand              |       |       |     1 ||     1
  Use: Scroll            |     8 |     5 |     2 ||    15
       Potion            |       |     6 |       ||     6
 Stab: Sleeping          |     2 |     5 |       ||     7
       Distracted        |       |     1 |       ||     1
  Eat: Chunk             |     9 |     8 |     2 ||    19
Armor: Skin              |     3 |     2 |       ||     5
Dodge: Dodged            |    92 |   110 |    54 ||   256
